 Dungeon Crawl Stone Soup version 0.25-a0-842-g81a31cfd23 (webtiles) character file.

Game seed: 6078465467732300055, levelgen mode: deterministic

1337 Nixze the Reanimator (level 8, -5/58 HPs)
             Began as a Vampire Necromancer on Apr 24, 2020.
             Slain by an orc warrior
             ... wielding a +0 glaive
              (24 damage)
             ... on level 4 of the Dungeon.
             The game lasted 00:22:30 (5678 turns).

Nixze the Reanimator (Vampire Necromancer)          Turns: 5678, Time: 00:22:30

Health: -5/58      AC:  4    Str:  7    XL:     8   Next: 35%
Magic:  6/14       EV: 15    Int: 19    God:
Gold:   170        SH:  0    Dex: 15    Spells: 6/15 levels left

rFire    . . .     SeeInvis +   D - +4 dagger (pain)
rCold    . . .     Gourm    .   (no shield)
rNeg     . . .     Faith    .   r - +0 robe {MR+}
rPois    .         Spirit   .   B - +0 helmet
rElec    .         Reflect  .   (no cloak)
rCorr    +         Harm     .   G - +0 pair of gloves
MR       +....                  (no boots)
Stlth    +++.......             (no amulet)
HPRegen  0.39/turn              p - ring of resist corrosion
MPRegen  0.14/turn              (no ring)

@: regenerating quickly
A: no food, fangs 3, see invisible, unbreathing
a: Exsanguinate


You were on level 4 of the Dungeon.
You were alive.

You visited 1 branch of the dungeon, and saw 5 of its levels.

You collected 170 gold pieces.

Inventory:

Hand Weapons
 l - a +0 long sword
 m - a +2 mace of draining
 C - a +0 vampiric whip
 D - a +4 dagger of pain (weapon)
Missiles
 g - 25 poisoned darts (quivered)
 i - 144 stones
 k - 4 atropa-tipped darts
Armour
 o - a +0 tower shield
 r - a +0 robe of magic resistance (worn)
 B - a +0 helmet (worn)
 F - a +0 leather armour of cold resistance
 G - a +0 pair of gloves (worn)
Jewellery
 p - a ring of resist corrosion (left hand)
 t - an uncursed amulet of guardian spirit
Wands
 u - a wand of polymorph (7)
 y - a wand of enslavement (11)
 A - a wand of iceblast (9)
Scrolls
 a - a scroll of enchant weapon {unknown}
 b - a scroll of magic mapping
 c - 4 scrolls of remove curse
 d - a scroll of amnesia {unknown}
 e - a scroll of fear
 f - 5 scrolls of identify
 j - 2 scrolls of teleportation
 n - a scroll of immolation {unknown}
 v - a scroll of enchant armour {unknown}
Potions
 h - a potion of invisibility
 q - a potion of cancellation {unknown}
 s - a potion of stabbing {unknown}
 w - a potion of degeneration {unknown}
 x - 2 potions of ambrosia {unknown}
 z - a potion of flight {unknown}
 E - 2 potions of heal wounds {unknown}
 H - a potion of resistance {unknown}
 I - a potion of curing {unknown}


   Skills:
 + Level 3.4 Fighting
 + Level 4.9 Dodging
 - Level 5.0 Stealth
 + Level 4.1 Spellcasting
 * Level 8.7 Necromancy


You had 6 spell levels left.
You knew the following spells:

 Your Spells              Type           Power        Failure   Level  Hunger
a - Pain                  Necr           ####         1%          1    N/A
b - Animate Skeleton      Necr           N/A          1%          1    N/A
c - Vampiric Draining     Necr           #####.....   1%          3    N/A
d - Animate Dead          Necr           N/A          3%          4    N/A

Your spell library contained the following spells:

 Spells                   Type           Power        Failure   Level  Hunger
 Agony                    Necr           #####...     10%         5    N/A

Dungeon Overview and Level Annotations

Branches:
Dungeon (5/15)
 Temple: D:4-7

Altars:


Innate Abilities, Weirdness & Mutations

You do not eat.
Your natural rate of healing is unusually fast.
You have razor-sharp teeth.
You have supernaturally acute eyesight. (SInv)
You can survive without breathing.


Message History

The orc warrior looks more energetic.
Casting: Pain (safe; 1% risk of failure)
Confirm with . or Enter, or press ? or * to list all spells.
Aiming: Pain (safe; 1% risk of failure)
Press: ? - help, Shift-Dir - straight line, f/p - orc warrior
Aim: an orc warrior, wielding a +0 glaive, wearing a +0 chain mail and wearing an uncursed amulet of rage (severely wounded, chance to defeat MR: 84%)
The orc warrior writhes in agony.
The orc warrior evokes its amulet.
The orc warrior goes berserk!
The orc warrior hits you with a +0 glaive!!
* * * LOW HITPOINT WARNING * * *
The orc warrior rages.
Casting: Pain (safe; 1% risk of failure)
Confirm with . or Enter, or press ? or * to list all spells.
Aiming: Vampiric Draining (safe; 1% risk of failure)
Press: ? - help, Shift-Dir - straight line, f/p - orc warrior
Aim: an orc warrior, wielding a +0 glaive, wearing a +0 chain mail and wearing an uncursed amulet of rage (almost dead, berserk, fast, unusually strong)
The orc warrior is almost dead.
You feel life coursing into your body.
The orc warrior hits you with a +0 glaive!!
You die...

#.# ##'## ##...##
#.########## #.#
###.#.#.## %....#.....#
#.# #.....##.#
#.##.#.###.###.##
#.#.###.##
#.##.#.#.#Z##...##
#.##.#.##
#.##.#..#Z.#.....#
#.###.##
#......###.##...## #.#
### ####..##
##.##.########.#
.....#.###[....o@.......#
######..#..##############
#.....# #######


You could see an orc warrior (berserk).

Vanquished Creatures
  Grinder (D:4)
  Edmund (D:4)
  An ice beast (D:5)
  A sky beast (D:5)
  2 ogres (D:4)
  2 crimson imps (D:4)
  4 orc priests (D:4)
  A bullfrog skeleton (D:5)
  4 orc wizards
  5 worker ants
  A hound skeleton (D:4)
  7 gnolls
  6 adders
  An adder skeleton (D:5)
  2 dart slugs
  A leopard gecko (D:1)
  14 orcs
  A ball python (D:3)
  13 bats
  4 giant cockroaches
  8 goblins
  9 hobgoblins
  18 jackals
  3 frilled lizards
  A giant cockroach zombie (D:5)
  9 kobolds
  5 rats
125 creatures vanquished.

Vanquished Creatures (collateral kills)
  A scorpion (D:4)
  Robin (D:4)
  A gnoll (D:4)
  A dart slug (D:1)
  A leopard gecko (D:1)
  An orc (D:3)
  5 goblins
  A jackal (D:3)
  A bat (D:1)
13 creatures vanquished.

Grand Total: 138 creatures vanquished

Notes
Turn   | Place    | Note
-------+----------+-------------------------------------------
     0 | D:1      | Nixze the Vampire Necromancer began the quest for the Orb.
     0 | D:1      | Reached XP level 1. HP: 13/13 MP: 3/3
     2 | D:1      | Learned a level 1 spell: Animate Skeleton
   213 | D:1      | Reached XP level 2. HP: 19/19 MP: 1/5
   485 | D:1      | Reached skill level 5 in Necromancy
   643 | D:1      | Reached XP level 3. HP: 22/24 MP: 6/6
  1311 | D:2      | Reached XP level 4. HP: 26/30 MP: 0/7
  1649 | D:2      | Reached skill level 5 in Stealth
  1649 | D:2      | Reached skill level 6 in Necromancy
  1872 | D:3      | Learned a level 3 spell: Vampiric Draining
  1929 | D:3      | Reached XP level 5. HP: 30/36 MP: 0/8
  2948 | D:4      | Reached skill level 1 in Fighting
  3111 | D:4      | Noticed Grinder
  3126 | D:4      | Killed Grinder
  3126 | D:4      | Reached skill level 7 in Necromancy
  3126 | D:4      | Reached XP level 6. HP: 26/44 MP: 8/10
  3243 | D:4      | Reached XP level 7. HP: 28/50 MP: 3/11
  3401 | D:4      | Noticed Edmund
  3408 | D:4      | Killed Edmund
  3592 | D:4      | Noticed Robin
  3598 | D:4      | Killed Robin
  4130 | D:4      | Reached skill level 8 in Necromancy
  4476 | D:5      | Entered Level 5 of the Dungeon
  4543 | D:4      | Learned a level 4 spell: Animate Dead
  4549 | D:4      | Reached XP level 8. HP: 37/58 MP: 11/13
  5678 | D:4      | Slain by an orc warrior

Levels and vault maps discovered:
D:1:      minmay_arrival_up_and_down, layout_rooms, item_on_display_a
D:2:      layout_basic, minmay_pentomino_pile
D:3:      layout_rooms
D:4:      layout_loops_corners, uniq_grinder, uniq_robin, uniq_edmund
D:5:      layout_cave_pools, yredelemnul_forgotten_temple_becter,
          gammafunk_temple_overflow_statue, first_ration

Skill      XL: |  1  2  3  4  5  6  7  8 |
---------------+-------------------------+-----
Necromancy     | 5 6 7 8 |  8.7
Stealth        | 4 5 |  5.0
Fighting       | 1 2 3 |  3.4
Dodging        | 3 4 |  4.9
Spellcasting   | 3 4 |  4.1

Action                   |  1- 3 |  4- 6 |  7- 9 || total
-------------------------+-------+-------+-------++-------
Melee: Short sword       |    27 |       |       ||    27
       Bite              |     2 |     7 |     2 ||    11
       Long sword        |       |    73 |       ||    73
       Mace              |       |    15 |    16 ||    31
       Dagger            |       |       |    64 ||    64
 Cast: Pain              |    46 |    78 |    91 ||   215
       Animate Skeleton  |    16 |    26 |    14 ||    56
       Vampiric Draining |       |       |     8 ||     8
       Animate Dead      |       |       |     4 ||     4
Evoke: Wand              |       |     4 |       ||     4
  Use: Scroll            |       |     5 |       ||     5
 Stab: Sleeping          |     1 |       |     2 ||     3
Armor: Robe              |     9 |    14 |    20 ||    43
       Leather armour    |       |     9 |       ||     9
Dodge: Dodged            |    26 |    88 |    81 ||   195
       Rpst.: Long sword |       |    22 |       ||    22

Table legend:
 A = Non-vault XP
 B = Vault XP
 C = Vault XP percentage of total XP
 D = Non-vault monster count
 E = Vault monster count
 F = Vault count percentage of total count
                 A         B        C        D         E       F
            +---------+---------+-------+---------+---------+-------
      Total |    1501 |     409 |  21.4 |     122 |      16 |  11.6
            +---------+---------+-------+---------+---------+-------
        D:1 |      42 |       0 |   0.0 |      24 |       0 |   0.0
        D:2 |     101 |      23 |  18.5 |      15 |       7 |  31.8
        D:3 |      97 |       0 |   0.0 |      35 |       0 |   0.0
        D:4 |     897 |     386 |  30.1 |      34 |       9 |  20.9
        D:5 |     364 |       0 |   0.0 |      14 |       0 |   0.0
            +---------+---------+-------+---------+---------+-------
